cohdb
Replays
Latest Replays
All Replays
Popular Replays
Top Player Replays
Match Explorer
How It Works
Community
CoH3 Stats
Reddit
Sign in to upload your games and track your stats! →
Sign in with Steam
Match 41337178
Unlisted
Match 41337178
Overview
Messages
Build Orders
End
Kettenkrad Recon Vehicle
Construct Infanterie Kompanie
Selects Italian Coastal Battlegroup
Selects Coastal Reserves
Coastal Reserve
Coastal Reserve
MG 42 Machine Gun Team
Construct Panzergrenadier Kompanie
Pak 40 Anti-tank Gun Team
Medical Station
251 Medium Carrier
Panzergrenadier Squad
Support Elements
Pak 40 Anti-tank Gun Team
Selects Support Bunkers
Selects Rapid Fortifications
Rapid Fortifications
MG 42 Bunker
Selects Artillery Officer
Construct Panzer Kompanie
Stoßtruppen Squad
Panzer IV Medium Tank
Selects Bulwark
Side Skirts
Rapid Fortifications
Pioneer Squad
MG 42 Bunker
Panzer IV Medium Tank
Rapid Fortifications
Selects Obice da 210/22 Artillery Emplacement
Medical Bunker
Panzer Officer Quarters
Unsafe
173687052
ITCI
Peachykonan
xKOZIx
iKills
Will I Am
myshkat_
0
0
Comments
sign in to comment!
No comments posted yet!